 Dungeon Crawl Stone Soup version 0.20.1-1-g8b1a95d66d (webtiles) character file.

595 kalaell the Chopper (level 7, -7/63 HPs)
             Began as a Minotaur Berserker on Dec 24, 2017.
             Was a Believer of Trog.
             Mangled by a hand axe (9 damage)
             ... on level 5 of the Dungeon.
             The game lasted 00:22:43 (4509 turns).

kalaell the Chopper (Minotaur Berserker)            Turns: 4509, Time: 00:22:44

Health: -7/63      AC: 14    Str: 24    XL:     7   Next: 17%
Magic:  6/6        EV:  8    Int:  4    God:    Trog [**....]
Gold:   134        SH:  0    Dex:  9    Spells: 6/6 levels left

rFire    . . .     SeeInvis .   g - +1 hand axe (flame)
rCold    . . .     Gourm    .   (no shield)
rNeg     . . .     Faith    .   u - +0 plate armour
rPois    .         Spirit   .   p - +2 hat
rElec    .         Reflect  .   (no cloak)
rCorr    .         Harm     .   (no gloves)
MR       .....                  (no boots)
Stlth    ..........             (no amulet)
Regen    0.2/turn               (no ring)
MPRegen  0.1/turn               (no ring)

@: no status effects
A: retaliatory headbutt, horns 2
a: Berserk, Trog's Hand, Burn Spellbooks, Renounce Religion


You were on level 5 of the Dungeon.
You worshipped Trog.
Trog was pleased with you.
You were not hungry.

You visited 2 branches of the dungeon, and saw 6 of its levels.

You collected 134 gold pieces.

Inventory:

Hand Weapons
 a - a +0 hand axe
 f - a +0 club
 g - a +1 hand axe of flaming (weapon)
 h - a +0 whip
 m - a +0 trident
 t - a +0 hunting sling
 A - a +0 war axe
Missiles
 e - 84 stones (quivered)
 v - 10 poisoned needles
Armour
 b - a +0 animal skin
 d - a +0 leather armour
 k - a -1 ring mail
 n - a +0 ring mail
 p - a +2 hat (worn)
 r - a +0 chain mail
 u - a +0 plate armour (worn)
Wands
 s - a wand of flame (0/48)
 E - a wand of digging (2/24)
Scrolls
 w - 4 scrolls of enchant armour {unknown}
 x - a scroll of magic mapping {unknown}
 y - 2 scrolls of identify {unknown}
 B - a scroll of remove curse
Potions
 i - a potion of ambrosia {unknown}
 q - 2 potions of heal wounds {unknown}
 C - 3 potions of might {unknown}
 D - a potion of berserk rage {unknown}
Books
 o - a book of Maledictions

   Spells                             Type                      Level
   a - Corona                         Hexes                        1
   b - Ensorcelled Hibernation        Hexes/Ice                    2
   c - Confuse                        Hexes                        3
   d - Tukima's Dance                 Hexes                        3
   e - Dazzling Spray                 Conjuration/Hexes            3
   Trog disapproves of the use of such an item.
 z - a book of Changes

   Spells                             Type                      Level
   a - Beastly Appendage              Transmutation                1
   b - Sticks to Snakes               Transmutation                2
   c - Spider Form                    Transmutation/Poison         3
   d - Ice Form                       Ice/Transmutation            4
   e - Blade Hands                    Transmutation                5
   Trog disapproves of the use of such an item.
Comestibles
 l - 3 meat rations


   Skills:
 * Level 6.1 Fighting
 + Level 6.4 Axes
 * Level 5.4 Armour
 + Level 3.4 Dodging


You had 6 spell levels left.
You didn't know any spells.

Dungeon Overview and Level Annotations

Branches:
Dungeon (5/15)             Temple (1/1) D:5

Altars:
Ashenzari
Cheibriados
Dithmenos
Elyvilon
Hepliaklqana
Makhleb
Trog
Uskayaw
Xom
Zin
The Shining One
Lugonu

Annotations:
D:5 Eustachio


Innate Abilities, Weirdness & Mutations

You reflexively headbutt those who attack you in melee.
You have a pair of horns on your head.


Message History

The hand axe completely misses you. You furiously retaliate!
You headbutt the hand axe. The hand axe hits you.
* * * LOW HITPOINT WARNING * * *
You miss the hand axe. Your headbutt misses the hand axe.
The hand axe is moderately damaged.
You hit the hand axe but do no damage. The hand axe hits you.
* * * LOW HITPOINT WARNING * * *
The hand axe hits you!
* * * LOW HITPOINT WARNING * * *
The hand axe hits you.
* * * LOW HITPOINT WARNING * * *
The hand axe hits you.
* * * LOW HITPOINT WARNING * * *
The hand axe hits you.
* * * LOW HITPOINT WARNING * * *
The hand axe hits you but does no damage.
The hand axe hits you but does no damage.
The hand axe hits you but does no damage. x2
The hand axe hits you!
You die...

#.........#.# #.# #####.#.
##......###.# #.# #.....#.#
#......# #.# #.# #.....#.#
#......###.#+#.###.....#.#
######................+........
#...............#.#.###.<...#.#
######..........._............#
###+###....#.#########.##.
#..@....+........... #.
#..((...########.##. #.#
#...†...# #.##.
###..##.......##### #.##.
.................# #.###
#.#####.........# #.# #
#.#...#.#.......# #.# #
#.#...#.#.......# #. #
#........#.......# #


You could see 2 dancing weapons.

Vanquished Creatures
  Sigmund (D:2)
  The ghost of kalaell the Skirmisher, an amateur HuWn (D:3)
  2 hounds (D:5)
  An iron imp (D:3)
  An iguana (D:5)
  Terence (D:2)
  A worker ant (D:5)
  9 adders
  A shadow imp (D:3)
  An ooze (D:3)
  3 worms
  2 dart slugs
  3 leopard geckos
  9 bats
  3 giant cockroaches
  4 goblins
  11 hobgoblins
  6 jackals (D:1)
  6 quokkas
  A ball python (D:2)
  3 frilled lizards
  10 kobolds
  9 rats
89 creatures vanquished.

Notes
Turn   | Place    | Note
-------+----------+-------------------------------------------
     0 | D:1      | kalaell the Minotaur Berserker began the quest for the Orb.
     0 | D:1      | Reached XP level 1. HP: 19/19 MP: 0/0
    58 | D:1      | Reached XP level 2. HP: 20/27 MP: 1/1
   512 | D:1      | Reached XP level 3. HP: 33/33 MP: 2/2
   959 | D:2      | Noticed Terence
   964 | D:2      | Killed Terence
  1069 | D:2      | Reached ** piety under Trog
  1069 | D:2      | Reached XP level 4. HP: 41/41 MP: 3/3
  1627 | D:2      | Reached skill level 5 in Fighting
  2194 | D:2      | Noticed Sigmund
  2206 | D:2      | Killed Sigmund
  2206 | D:2      | Reached skill level 5 in Axes
  2206 | D:2      | Reached XP level 5. HP: 34/48 MP: 4/4
  2234 | D:2      | Reached XP level 6. HP: 45/56 MP: 5/5
  2398 | D:2      | Found a hazy altar of Hepliaklqana.
  2496 | D:3      | Found a shadowy altar of Dithmenos.
  2521 | D:3      | Noticed kalaell's ghost (amateur HuWn)
  2535 | D:3      | Killed kalaell's ghost
  3493 | D:3      | Found a burning altar of Makhleb.
  3624 | D:4      | You fall through a shaft!
  3624 | D:5      | Entered Level 5 of the Dungeon
  3760 | D:5      | Found a staircase to the Ecumenical Temple.
  3769 | Temple   | Entered the Ecumenical Temple
  3855 | D:5      | Reached skill level 5 in Armour
  3855 | D:5      | Reached XP level 7. HP: 54/62 MP: 6/6
  3911 | D:5      | Found a bloodstained altar of Trog.
  3951 | D:5      | Noticed Eustachio
  4036 | D:5      | Noticed a hand axe
  4036 | D:5      | Noticed a hand axe
  4036 | D:5      | Found a hide-covered altar of Uskayaw.
  4502 | D:5      | HP: 1/63 [hand axe (3)]
  4509 | D:5      | Mangled by a hand axe

Skill      XL: |  1  2  3  4  5  6  7 |
---------------+----------------------+-----
Axes           | 4 5 6 |  6.4
Fighting       | 4 5 6 |  6.1
Armour         | 4 5 |  5.4
Dodging        | 3 |  3.4

Action                   |  1- 3 |  4- 6 |  7- 9 || total
-------------------------+-------+-------+-------++-------
Melee: Hand axe          |    52 |   134 |    63 ||   249
       Headbutt          |     7 |    20 |     2 ||    29
Throw: Stone             |       |     1 |       ||     1
Invok: Berserk           |     2 |     1 |     1 ||     4
       Trog's Hand       |       |     1 |       ||     1
Evoke: Wand              |       |    10 |     3 ||    13
  Use: Scroll            |       |     3 |     1 ||     4
  Eat: Royal jelly       |     1 |     1 |       ||     2
       Chunk             |       |     4 |       ||     4
       Bread ration      |       |     1 |     1 ||     2
Armor: Animal skin       |     5 |       |       ||     5
       Leather armour    |     2 |       |       ||     2
       Ring mail         |     9 |    10 |       ||    19
       Chain mail        |       |    38 |       ||    38
       Plate armour      |       |     5 |   141 ||   146
Dodge: Dodged            |    52 |    69 |    89 ||   210
